 Dungeon Crawl Stone Soup version 0.30-a0-778-g2ef04afb54 (webtiles) character file.

Game seed: 6675681936217860859

29329 Kenran the Cruncher (level 13, -12/108 (125) HPs)
             Began as an Armataur Fighter on Feb 15, 2023.
             Was an Initiate of Gozag.
             Killed from afar by Josephine (29 damage)
             ... with a ghostly fireball
             ... on level 4 of the Lair of Beasts.
             The game lasted 00:35:07 (14115 turns).

Kenran the Cruncher (Armataur Fighter)             Turns: 14115, Time: 00:35:07

HP:   -12/108 (125) AC: 32    Str: 24    XL:     13   Next: 14%
MP:   13/13         EV:  7    Int: 10    God:    Gozag
Gold: 1192          SH:  9    Dex:  9    Spells: 12/12 levels left

rFire   + + .      SeeInvis .      - Unarmed
rCold   + . .      Faith    .    q - +0 kite shield
rNeg    . . .      Spirit   .    P - +4 plate armour {rF+}
rPois   +          Reflect  .    a - +0 helmet
rElec   +          Harm     .    G - +1 cloak {rPois}
rCorr   +          Roll     +    n - +1 pair of gloves
Will    .....                    N - +0 barding Stlth
                                 s - amulet of regeneration
HPRegen 1.18/turn                A - +4 ring of protection
MPRegen 0.13/turn                e - +5 ring of evasion

@: resistant, studying Evocations, heavily drained
A: large, rugged brown scales 3, deformed body, armoured tail, roll, long
tongue, awkward tongue, clumsy 1, robust 1
a: Renounce Religion, Potion Petition, Call Merchant, Bribe Branch


You were on level 4 of the Lair of Beasts.
You worshipped Gozag.
Gozag was most pleased with you.
You visited 2 branches of the dungeon, and saw 15 of its levels.
You also visited: Volcano.

You collected 3207 gold pieces.
You spent 628 gold pieces at shops.
You paid 1387 gold pieces to Gozag.

Inventory:

Hand Weapons
 F - a +2 vampiric lajatang
Missiles
 d - 6 atropa-tipped darts (quivered)
 k - 17 poisoned darts
 z - 2 throwing nets
Armour
 a - a +0 helmet (worn)
 n - a +1 pair of gloves (worn)
 q - a +0 kite shield (worn)
 G - a +1 cloak of poison resistance (worn)
 N - a +0 barding (worn)
 P - a +4 plate armour of fire resistance (worn)
Jewellery
 e - a +5 ring of evasion (right hand)
 s - an amulet of regeneration (around neck)
 A - a +4 ring of protection (left hand)
 I - a ring of positive energy
Wands
 r - a wand of quicksilver (1)
 y - a wand of flame (22)
 B - a wand of iceblast (2)
 J - a wand of polymorph (5)
Scrolls
 f - 2 scrolls of enchant weapon
 g - 2 scrolls of blinking
 h - a scroll of immolation {!r}
 j - 5 scrolls of teleportation
 o - 2 scrolls of poison {!r}
 t - a scroll of silence
 u - 2 scrolls of fear
 E - 2 scrolls of magic mapping
 L - a scroll of butterflies {unknown}
 O - a scroll of fog {unknown}
Potions
 b - 3 potions of brilliance
 c - 4 potions of flight
 i - 2 potions of haste {unknown}
 l - 2 potions of attraction {!q}
 m - a potion of might
 p - 3 potions of mutation {!q}
 v - 3 potions of berserk rage {unknown}
 w - 4 potions of lignification {!q}
 x - a potion of invisibility {unknown}
 C - 2 potions of curing {@q1}
 D - a potion of cancellation {unknown}
 H - 3 potions of magic


   Skills:
 - Level 8.2 Fighting
 * Level 11.8 Staves
 - Level 10.0 Armour
 - Level 8.0 Shields
 - Level 10.3 Unarmed Combat
 + Level 8.9 Evocations


You had 12 spell levels left.
You didn't know any spells.
Your spell library contained the following spells:

 Spells                   Type           Power      Damage    Failure   Level
 Apportation              Tloc           0%         N/A       100%        1
 Foxfire                  Conj/Fire      0%         2x1d4     100%        1
 Shock                    Conj/Air       0%         1d3       100%        1
 Sting                    Tmut/Pois      0%         1d3       100%        1
 Summon Small Mammal      Summ           0%         N/A       100%        1
 Ensorcelled Hibernation  Hex/Ice        0%         N/A       100%        2
 Lesser Beckoning         Tloc           0%         N/A       100%        2
 Passwall                 Tmut/Erth      0%         N/A       100%        2
 Poisonous Vapours        Pois/Air       0%         N/A       100%        2
 Sublimation of Blood     Necr           0%         N/A       100%        2
 Gell's Gravitas          Tloc           0%         N/A       100%        3
 Stone Arrow              Conj/Erth      0%         3d7       100%        3
 Swiftness                Air            0%         N/A       100%        3
 Teleport Other           Tloc           0%         N/A       100%        3
 Airstrike                Air            0%         2d(0-16)  100%        4
 Animate Armour           Summ/Erth      0%         N/A       100%        4
 Olgreb's Toxic Radiance  Pois           0%         N/A       100%        4
 Petrify                  Tmut/Erth      0%         N/A       100%        4
 Alistair's Intoxication  Tmut/Pois      0%         N/A       100%        5
 Fireball                 Conj/Fire      0%         3d3       100%        5
 Irradiate                Conj/Tmut      0%         3d11      100%        5
 Metabolic Englaciation   Hex/Ice        0%         N/A       100%        5
 Starburst                Conj/Fire      0%         6d3       100%        6
 Statue Form              Tmut/Erth      0%         N/A       100%        6
 Lehudib's Crystal Spear  Conj/Erth      0%         10d2      100%        8


Dungeon Overview and Level Annotations

Branches:
Dungeon (11/15)            Temple (0/1) D:6            Lair (4/5) D:9
 Shoals (0/4) Lair:2        Snake (0/4) Lair:2          Orc (0/2) D:9
Volcano (visited)
  Slime: Lair:4-5

Altars:
Cheibriados
Dithmenos
Elyvilon
Gozag
Kikubaaqudgha
Makhleb
Qazlal
Ru
Sif Muna
Trog
Uskayaw
Vehumet
Yredelemnul
The Shining One

Shops:
D:5 *   D:6 [   D:7 !

Annotations:
D:3 exclusion: downstairs
D:4 3 runed translucent doors, M4edhros's ghost, amateur OpAr
Lair:4 Josephine


Innate Abilities, Weirdness & Mutations

You are completely covered in rugged brown scales. (AC +3, +7% HP)
Armour fits poorly on your strangely shaped body.
You have a long armoured tail.
You roll when moving toward enemies. (Rampage)
Your long tongue fully drains potion bottles. (2x potion effects)
Your tongue gives you trouble enunciating. (1.5x scroll delay)
You are clumsy. (Dex -2)
You are robust. (+10% HP)


Message History

Josephine hits you but does no damage.
You hit Josephine.
Your tail-slap misses Josephine.
Josephine is almost dead.
You block Josephine's attack.
You barely miss Josephine. You tail-slap Josephine.
Josephine is almost dead.
You block Josephine's attack.
You closely miss Josephine.
Your tail-slap misses Josephine.
Josephine is almost dead.
Josephine points at you and mumbles some strange words.
The ghostly flame explodes!
The ghostly fireball engulfs you!!
You feel drained.
* * * LOW HITPOINT WARNING * * *
The ghostly fireball engulfs Josephine.
Josephine completely resists.
You punch Josephine!
Josephine is almost dead.
You block Josephine's attack.
You closely miss Josephine.
Josephine is almost dead.
Josephine draws life force from you!
* * * LOW HITPOINT WARNING * * *
Josephine is healed by the life force!
You barely miss Josephine.
Josephine is almost dead.
Josephine gestures at you while chanting.
The ghostly flame explodes!
The ghostly fireball engulfs you.
You feel drained.
* * * LOW HITPOINT WARNING * * *
The ghostly fireball engulfs Josephine.
Josephine completely resists.
Okay, then. [a] - 567 gold - curing, magic and resistance [b] - 286 gold - curing and magic [c] - 682 gold - curing, magic, haste and resistance Purchase which effect?
You feel better. Magic courses through your body.
You feel protected. Josephine casts a spell at you.
The ghostly flame explodes!
The ghostly fireball engulfs you!!
You feel drained.
You die...
Your body crumbles into a pile of gold.

.#.#..P # ##.. ..# ## ..
#.#..#.####.##.##
#...##..##......
##......#..# .# #. ...
#.........##..##.. ..
#..........#..P... #.##
##.............).. #..#
#......@@.#..###
##..####......#..##.P## P#
###...##...#...##..#....#.##
...........#...##(.........#
.P.......##.######.##.P#...#
#.......##### ####...}.P..
........P# ..##...P.#
#........#### ... ..$..#
P..........P# ..# .##..


You could see Josephine.

Vanquished Creatures
  A dire elephant (Lair:3)
  A red draconian (Volcano)
  Snorg (Lair:3)
  A hydra (Lair:2)
  Fannar (Lair:1)
  A catoblepas (Lair:3)
  An ogre mage (Volcano)
  A centaur warrior (D:10)
  3 two-headed ogres
  Urug (Lair:2)
  Amaemon (D:9)
  A skyshark (Lair:3)
  Pikel (D:5)
  A salamander (Lair:2)
  4 elephants (Lair:3)
  A gargoyle (D:10)
  An orange demon (D:9)
  5 komodo dragons
  6 cane toads
  A hornet (D:9)
  4 polar bears
  13 blink frogs
  7 dream sheep (Lair:3)
  Sigmund (D:3)
  5 wraiths
  A vampire (D:10)
  Grum (D:9)
  3 wyverns
  17 yaks
  3 vampire mosquitoes (D:10)
  2 steam dragons
  Duvessa (D:7)
  An acid dragon (D:10)
  10 water moccasins
  Pargi (D:3)
  2 black bears (D:9)
  An orc warrior (D:8)
  2 ogres
  13 wolves
  6 centaurs
  A lemure (D:3)
  A kobold brigand (D:10)
  12 bullfrogs
  A scorpion (D:7)
  A gnoll sergeant (D:8)
  3 necrophages
  A wight (D:8)
  Dowan (D:7)
  9 killer bees
  2 howler monkeys
  4 lava snakes
  2 jellies
  2 gnoll boudas
  2 iguanas (D:5)
  3 orc priests
  Terence (D:3)
  8 orc wizards
  9 gnolls
  7 adders
  A shadow imp (D:6)
  A white imp (D:7)
  2 worms
  3 dart slugs
  12 orcs
  6 endoplasms
  A giant cockroach (D:4)
  11 goblins
  7 hobgoblins
  3 jackals (D:1)
  4 ball pythons
  6 bats
  2 frilled lizards (D:1)
  11 kobolds
  3 rats
271 creatures vanquished.

Vanquished Creatures (others)
  41 fungi
  52 plants
93 creatures vanquished.

Grand Total: 364 creatures vanquished

Notes
Turn   | Place    | Note
-------+----------+-------------------------------------------
     0 | D:1      | Kenran the Armataur Fighter began the quest for the Orb.
     0 | D:1      | Reached XP level 1. HP: 19/19 MP: 1/1
   264 | D:1      | Reached XP level 2. HP: 15/26 MP: 2/2
   420 | D:1      | Found a faded altar of an unknown god.
   876 | D:2      | Reached XP level 3. HP: 31/32 MP: 3/3
  1851 | D:3      | Noticed Terence
  1857 | D:3      | Killed Terence
  1858 | D:3      | Reached XP level 4. HP: 40/40 MP: 4/4
  1942 | D:3      | Found a stormy altar of Qazlal.
  2050 | D:3      | Noticed Sigmund
  2073 | D:3      | Killed Sigmund
  2074 | D:3      | Reached skill level 5 in Unarmed Combat
  2074 | D:3      | Reached XP level 5. HP: 35/48 MP: 5/5
  2118 | D:3      | Reached XP level 6. HP: 49/54 MP: 6/6
  2380 | D:3      | Noticed Pargi
  2392 | D:3      | Killed Pargi
  2733 | D:4      | Found a bloodstained altar of Trog.
  2871 | D:4      | Found a runed translucent gate.
  2873 | D:4      | Found a runed translucent gate.
  2874 | D:4      | Found a runed translucent gate.
  2883 | D:4      | Noticed M4edhros's ghost (amateur OpAr)
  2954 | D:4      | Noticed Pikel
  3032 | D:4      | Gained mutation: Your spells are a little easier to cast,
                  | but a little less powerful. [potion of mutation]
  3032 | D:4      | Gained mutation: You are clumsy. (Dex -2) [potion of
                  | mutation]
  3032 | D:4      | Gained mutation: You are robust. (+10% HP) [potion of
                  | mutation]
  3032 | D:4      | Lost mutation: Your spells are a little easier to cast, but
                  | a little less powerful. [potion of mutation]
  3506 | D:5      | Entered Level 5 of the Dungeon
  3530 | D:5      | Reached XP level 7. HP: 53/65 MP: 7/7
  3729 | D:5      | Found a sacrificial altar of Ru.
  3735 | D:5      | Became a worshipper of Ru the Awakened
  4225 | D:5      | Found an opulent altar of Gozag.
  4228 | D:5      | Found Gozag's Platinum Reserve.
  4241 | D:5      | Fell from the grace of Ru
  4241 | D:5      | Became a worshipper of Gozag Ym Sagoz the Greedy
  4500 | D:6      | Noticed a wyvern
  4519 | D:6      | Killed a wyvern
  4520 | D:6      | Reached skill level 5 in Shields
  4520 | D:6      | Reached XP level 8. HP: 28/78 MP: 8/8
  4567 | D:6      | Found a staircase to the Ecumenical Temple.
  4691 | D:6      | Reached skill level 5 in Fighting
  4831 | D:6      | Identified the +0 leather armour of Brilliance {Rampage
                  | Str+3 Int+4}
  5052 | D:6      | Identified a scroll of acquirement
  5053 | D:6      | Acquired 424 gold pieces
  5118 | D:5      | Killed Pikel
  5268 | D:7      | Found a burning altar of Makhleb.
  5397 | D:7      | Found Elealomups's Distillery.
  5405 | D:7      | Bought a potion of heal wounds for 60 gold pieces
  5405 | D:7      | Bought a potion of might for 48 gold pieces
  5506 | D:7      | Noticed Dowan
  5507 | D:7      | Noticed Duvessa
  5522 | D:7      | Killed Duvessa
  5523 | D:7      | Reached XP level 9. HP: 61/92 MP: 9/9
  5543 | D:7      | Killed Dowan
  5833 | D:7      | Found a radiant altar of Vehumet.
  5848 | D:7      | Found an ancient bone altar of Kikubaaqudgha.
  5857 | D:7      | Found a shimmering blue altar of Sif Muna.
  5886 | D:7      | Got Sif Muna's Treatise on Formation
  6091 | D:8      | Reached skill level 1 in Evocations
  6113 | D:8      | Found a snail-covered altar of Cheibriados.
  6139 | D:8      | Found a hide-covered altar of Uskayaw.
  6777 | D:8      | Reached XP level 10. HP: 89/102 MP: 10/10
  6815 | D:9      | Found a staircase to the Orcish Mines.
  6884 | D:9      | Noticed Grum
  6884 | D:9      | Noticed an orange demon
  6903 | D:9      | Killed Grum
  6904 | D:9      | Reached skill level 10 in Unarmed Combat
  6916 | D:9      | Killed an orange demon
  7011 | D:9      | Reached skill level 5 in Armour
  7013 | D:9      | Found a staircase to the Lair.
  7085 | D:9      | Found a glowing golden altar of the Shining One.
  7444 | D:9      | Found a basalt altar of Yredelemnul.
  7669 | D:9      | Noticed Amaemon
  7675 | D:9      | Killed Amaemon
  7800 | D:10     | Entered Level 10 of the Dungeon
  7892 | D:10     | Found a white marble altar of Elyvilon.
  7959 | D:10     | Reached skill level 1 in Staves
  8103 | D:10     | Noticed a gargoyle
  8112 | D:10     | Killed a gargoyle
  8225 | D:10     | Found a shadowy altar of Dithmenos.
  8231 | D:10     | Reached skill level 2 in Staves
  8256 | D:10     | Noticed a centaur warrior
  8281 | D:10     | Noticed a two-headed ogre
  8319 | D:10     | Killed a centaur warrior
  8320 | D:10     | Reached XP level 11. HP: 38/109 MP: 11/11
  8335 | D:10     | Reached skill level 3 in Staves
  8339 | D:10     | Killed a two-headed ogre
  8526 | D:10     | Reached skill level 5 in Evocations
  9077 | D:11     | Noticed Sonja
  9079 | D:11     | Sonja changed into Sonja the centaur
  9079 | D:11     | Noticed Sonja
  9083 | D:11     | Killed Sonja the centaur
  9128 | Lair:1   | Entered Level 1 of the Lair of Beasts
  9188 | Lair:1   | Reached skill level 4 in Staves
  9314 | Lair:1   | Noticed Fannar
  9383 | Lair:1   | Killed Fannar
  9384 | Lair:1   | Reached skill level 5 in Staves
  9548 | Lair:1   | Reached skill level 6 in Staves
 10749 | Lair:2   | Found a staircase to the Shoals.
 10816 | Lair:2   | Reached skill level 7 in Staves
 11151 | Lair:2   | Noticed a five-headed hydra
 11156 | Lair:2   | Killed a five-headed hydra
 11176 | Lair:2   | Reached XP level 12. HP: 97/119 MP: 12/12
 11197 | Lair:2   | Found a staircase to the Snake Pit.
 11271 | Lair:2   | Noticed Urug
 11289 | Lair:2   | Killed Urug
 11745 | Lair:3   | Reached skill level 8 in Staves
 12047 | Lair:3   | Found a radiant altar of Vehumet.
 12133 | Lair:3   | Reached skill level 9 in Staves
 12159 | Lair:3   | Reached skill level 10 in Armour
 12355 | Lair:3   | Noticed a dire elephant
 12355 | Lair:3   | Noticed a catoblepas
 12445 | Lair:3   | Killed a dire elephant
 12453 | Lair:3   | Killed a catoblepas
 12454 | Lair:3   | Reached skill level 10 in Staves
 12613 | Lair:3   | Noticed Snorg
 12621 | Lair:3   | Killed Snorg
 12981 | Lair:3   | Reached skill level 11 in Staves
 13520 | Lair:4   | Found a dark tunnel.
 13681 | D:6      | Bought a +2 plate armour of fire resistance for 520 gold
                  | pieces
 13850 | Volcano  | Entered a volcano
 13868 | Volcano  | Noticed a two-headed ogre
 13871 | Volcano  | Noticed an ogre mage
 13873 | Volcano  | Noticed a two-headed ogre
 13882 | Volcano  | Killed a two-headed ogre
 13883 | Volcano  | Reached XP level 13. HP: 93/125 MP: 13/13
 13936 | Volcano  | Noticed a red draconian
 13957 | Volcano  | Killed a red draconian
 14078 | Lair:4   | Noticed Josephine
 14115 | Lair:4   | Killed from afar by Josephine

Illustrated notes

Levels and vault maps discovered:
D:1:      onia_arrival_pyramid, layout_basic, chequers_ecumenical_altar_simple,
          chequers_jeans, serial_bayou_pond_c, ebering_dispersal_statue_hall
D:2:      wad_crossroads, layout_basic
D:3:      layout_loops_ring, nicolae_qazlal_eye_of_the_storm, uniq_sigmund,
          uniq_pargi, uniq_terence
D:4:      layout_basic, mainiacjoe_overflow_cross_hatched,
          gammafunk_ghost_split, hex_tiny, uniq_pikel
D:5:      layout_loops_ring, nicolae_gozag_zags_fifth_avenue,
          mainiacjoe_overflow_alcove_4, nicolae_hexahallways,
          chequers_serial_rivers_marsh, moated_statue
D:6:      layout_cave_pools, minmay_temple_entry_overgrown
D:7:      layout_basic, palyth_temple_overflow_mages,
          mainiacjoe_overflow_six_doors_small, serial_shops,
          nicolae_lakefront_shop, uniq_duvessa
D:8:      layout_loops_cross, slow_altar_1, nicolae_uskayaw_suspiria,
          st_stairs_11
D:9:      statuecave_lemuel, layout_irregular_city, marbit_many_paths,
          old_standard_altar, due_lair_maze_entry_diamond, orc_0_dummy,
          uniq_amaemon, uniq_grum
D:10:     layout_rooms, grunt_dithmenos_smoke_and_mirrors, kennysheep_mini_moat,
          serial_co_window_serial, co_window_corner_a,
          co_window_of_opportunity_a, co_window_paths_b, co_window_corner_a,
          co_window_of_opportunity_a, co_window_of_opportunity_b,
          co_window_of_opportunity_b, co_window_unsneaky_path_a,
          co_window_corner_b, co_window_2corner, co_window_paths_c,
          co_window_sun, glass_columns_b, glass_columns_a, glass_columns_b,
          billiards_dpeg
D:11:     layout_stronghold, uniq_sonja
Lair:1:   layout_layer_cave, uniq_fannar
Lair:2:   layout_roguey, shoals_dummy_entry, nicolae_snake_entry_warm_welcome,
          lemuel_fruit_fields, uniq_urug
Lair:3:   nzn_winding_woodlands_stair_trap
          [nzn_winding_woodlands_5x15_split_checker,
          nzn_winding_woodlands_5x15_pockets,
          nzn_winding_woodlands_5x15_sidewinder,
          nzn_winding_woodlands_15x15_boxy_spiral,
          nzn_winding_woodlands_5x15_garden, nzn_winding_woodlands_5x15_crooked,
          nzn_winding_woodlands_5x15_default], layout_cave_pods, basic_altar,
          uniq_snorg
Lair:4:   layout_loops_ring, enter_volcano_1, uniq_josephine

Skill      XL: |  1  2  3  4  5  6  7  8  9 10 11 12 |
---------------+-------------------------------------+-----
Unarmed Combat | 2 3 5 6 7 8 9 10 | 10.3
Fighting       | 3 4 7 8 |  8.2
Armour         | 4 6 8 10 | 10.0
Shields        | 4 5 7 8 |  8.0
Evocations     | 2 4 7 8 |  8.9
Staves         | 2 7 11 | 11.8

Action                     |  1- 3 |  4- 6 |  7- 9 | 10-12 | 13-15 || total
---------------------------+-------+-------+-------+-------+-------++-------
  Melee: Unarmed           |   101 |   176 |   396 |   922 |    78 ||  1673
         Tailslap          |    11 |    11 |    55 |   162 |    17 ||   256
  Throw: Dart              |       |       |     4 |       |       ||     4
 Invoke: Call Merchant     |       |       |     1 |       |       ||     1
         Potion Petition   |       |       |       |     1 |     1 ||     2
  Evoke: Wand              |       |       |       |    23 |       ||    23
    Use: Potion            |     1 |     8 |       |     2 |     1 ||    12
         Scroll            |       |     5 |     5 |     8 |     1 ||    19
   Stab: Petrified         |       |       |       |    21 |       ||    21
         Distracted        |       |       |       |     1 |       ||     1
 Armour: Scale mail        |    20 |     1 |       |       |       ||    21
         Chain mail        |       |   104 |   156 |   496 |       ||   756
         Plate armour      |       |       |       |     8 |    24 ||    32
  Dodge: Dodged            |    34 |    31 |   129 |   375 |     8 ||   577
  Block: Buckler           |    11 |     6 |       |       |       ||    17
         Kite shield       |       |    30 |   118 |   457 |    20 ||   625

Table legend: (Time is in decaauts)
 A = Elapsed time spent in this place.
 B = Non-inter-level travel time spent in this place.
 C = Inter-level travel time spent in this place.
 D = Time resting spent in this place.
 E = Time spent auto-exploring this place.
 F = Levels seen in this place.
 G = Mean time per level.
                   A        B        C        D        E       F      G
               +--------+--------+--------+--------+--------+-----+--------+
         Total |  14066 |  13174 |    892 |    560 |   8169 |  16 |  879.1 |
       Dungeon |   9253 |   8715 |    538 |    363 |   5254 |  11 |  841.2 |
          Lair |   4691 |   4338 |    353 |    196 |   2915 |   4 | 1172.8 |
       Volcano |    122 |    122 |      0 |      0 |      0 |   1 |  122.0 |
               +--------+--------+--------+--------+--------+-----+--------+

Top non-repeatable levels by time:
  Lair:3: 1865 daAuts
  Lair:1: 1647 daAuts
    D:10: 1300 daAuts
     D:9: 1010 daAuts
  Lair:2: 1009 daAuts
     D:2: 1000 daAuts
     D:5: 995 daAuts
     D:3: 975 daAuts
     D:8: 917 daAuts
     D:1: 846 daAuts
     D:7: 799 daAuts
     D:4: 694 daAuts
     D:6: 694 daAuts
  Lair:4: 169 daAuts
 Volcano: 122 daAuts
